 Dungeon Crawl Stone Soup version 0.29.1-12-g30fa7ad0bf (webtiles) character file.

Game seed: 14717409617578876510

320 venomsnake the Trooper (level 6, -3/84 HPs)
             Began as a Minotaur Berserker on Dec 16, 2022.
             Was a Believer of Trog.
             Killed from afar by Ijyb (8 damage)
             ... with a puff of flame
             ... on level 3 of the Dungeon.
             The game lasted 00:05:48 (2434 turns).

venomsnake the Trooper (Minotaur Berserker)         Turns: 2434, Time: 00:05:49

Health: -3/84      AC:  7    Str: 23    XL:     6   Next: 22%
Magic:  5/5        EV: 11    Int:  4    God:    Trog [**....]
Gold:   85         SH:  0    Dex: 10    Spells: 5/5 levels left

rFire   . . .      SeeInvis .   a - +0 hand axe
rCold   . . .      Faith    .   (no shield)
rNeg    . . .      Spirit   .   e - +0 scale mail
rPois   .          Reflect  .   (helmet restricted)
rElec   .          Harm     .   (no cloak)
rCorr   .          Rampage  .   (no gloves)
Will    .....                   (no boots)
Stlth   ..........              (no amulet)
HPRegen 0.24/turn               (no ring)
MPRegen 0.09/turn               (no ring)

@: berserking, very quick
A: horns 2, retaliatory headbutt
a: Renounce Religion, Berserk, Trog's Hand


You were on level 3 of the Dungeon.
You worshipped Trog.
Trog was pleased with you.
You visited 1 branch of the dungeon, and saw 3 of its levels.

You collected 85 gold pieces.

Inventory:

Hand Weapons
 a - a +0 hand axe (weapon)
Missiles
 h - 17 stones (quivered)
Armour
 e - a +0 scale mail (worn)
Wands
 k - a wand of digging (4)
Scrolls
 b - a scroll of identify
 d - a scroll of enchant armour {unknown}
 f - a scroll of teleportation {unknown}
 i - a scroll of vulnerability {unknown}
 j - 3 scrolls of amnesia
Potions
 c - 3 potions of curing
 g - 2 potions of heal wounds {unknown}


   Skills:
 * Level 5.6 Fighting
 + Level 4.8 Axes
 + Level 4.0 Armour
 + Level 3.6 Dodging
 + Level 1.8 Evocations


You had 5 spell levels left.
You didn't know any spells.
Your spell library was empty.

Dungeon Overview and Level Annotations

Branches:
Dungeon (3/15)

Altars:

Annotations:
D:3 Ijyb


Innate Abilities, Weirdness & Mutations

You have a pair of horns on your head.
You reflexively headbutt those who attack you in melee.


Message History

The goblin shoots a sling bullet.
The sling bullet hits you.
You closely miss Ijyb. Your headbutt misses Ijyb.
Ijyb is moderately wounded.
Ijyb zaps a wand.
The puff of flame hits you.
The goblin shoots a sling bullet.
The sling bullet hits you but does no damage.
You hit Ijyb but do no damage. Your headbutt misses Ijyb.
Ijyb is moderately wounded.
Ijyb zaps a wand.
The puff of flame hits you.
The goblin shoots a sling bullet.
The sling bullet barely misses you.
You closely miss Ijyb.
Ijyb is moderately wounded.
Ijyb hits you with a +0 club.
The goblin shoots a sling bullet.
The sling bullet hits you but does no damage.
Ijyb screams, "No!
No, no, no, no!"
Ijyb zaps a wand.
The puff of flame hits you.
You hit Ijyb but do no damage. You headbutt Ijyb.
Ijyb is moderately wounded.
The goblin shoots a sling bullet.
The sling bullet barely misses you.
Ijyb zaps a wand.
The puff of flame hits you.
You hit Ijyb but do no damage. Your headbutt misses Ijyb.
Your punch misses Ijyb.
Ijyb is moderately wounded.
The goblin shoots a sling bullet.
The sling bullet misses you.
Ijyb zaps a wand.
The puff of flame hits you!
* * * LOW HITPOINT WARNING * * *
A red film seems to cover your vision as you go berserk!
You feel yourself moving faster!
You feel mighty!
Ijyb zaps a wand.
The puff of flame hits you!
* * * LOW HITPOINT WARNING * * *
The goblin unwields a +0 sling.
The goblin wields a +0 club.
The goblin closely misses you.
You hit Ijyb but do no damage.
Ijyb is moderately wounded.
You slash the goblin!
You kill the goblin!
Trog accepts your kill.
You hit Ijyb.
Ijyb is heavily wounded.
Ijyb zaps a wand.
The puff of flame hits you!
You die...

#......##+#
#......##.# .......
#.†....##.# .......
#......##.# ##...<...
.......##.## #.......#
#......##.##.
#.......# #####..##.#
.###.......# ##....#
..#)g....)# ###..##
#.#@......#
#####...###.#....!..#
.....................#
############†........#
...........#
####........#
#.####..## ... .##
..#> #


You could see Ijyb.

Vanquished Creatures
  Sigmund (D:2)
  Natasha (thrice) (D:2)
  3 adders (D:2)
  A worm (D:2)
  3 dart slugs
  4 ball pythons
  2 bats
  3 endoplasms
  4 giant cockroaches
  5 goblins
  7 hobgoblins
  6 jackals
  2 kobolds (D:2)
  5 frilled lizards
  5 rats
54 creatures vanquished.

Notes
Turn   | Place    | Note
-------+----------+-------------------------------------------
     0 | D:1      | venomsnake the Minotaur Berserker began the quest for the
                  | Orb.
     0 | D:1      | Reached XP level 1. HP: 19/19 MP: 0/0
   295 | D:1      | Found a faded altar of an unknown god.
   310 | D:1      | Reached XP level 2. HP: 25/27 MP: 1/1
   792 | D:1      | Reached skill level 4 in Fighting
  1015 | D:2      | Reached XP level 3. HP: 32/33 MP: 2/2
  1137 | D:2      | Reached ** piety under Trog
  1249 | D:2      | Noticed Natasha
  1255 | D:2      | Killed Natasha
  1256 | D:2      | Reached XP level 4. HP: 37/41 MP: 3/3
  1343 | D:2      | Noticed Natasha
  1356 | D:2      | Killed Natasha
  1626 | D:2      | Reached skill level 1 in Evocations
  1823 | D:2      | Noticed Sigmund
  1849 | D:2      | Killed Sigmund
  1850 | D:2      | Reached skill level 5 in Fighting
  1850 | D:2      | Reached XP level 5. HP: 31/48 MP: 4/4
  1850 | D:2      | Reached XP level 6. HP: 36/56 MP: 5/5
  2070 | D:2      | Noticed Natasha
  2078 | D:2      | Killed Natasha
  2415 | D:3      | Noticed Ijyb
  2434 | D:3      | Killed from afar by Ijyb

Illustrated notes

Levels and vault maps discovered:
D:1:      amcnicky_arrival_blooded_trapdoor, layout_basic,
          hellmonk_ecumenical_altar_zigzags
D:2:      layout_basic, uniq_sigmund, uniq_natasha
D:3:      layout_basic, uniq_ijyb

Skill      XL: |  1  2  3  4  5  6 |
---------------+-------------------+-----
Axes           | 4 |  4.8
Fighting       | 4 5 |  5.6
Armour         | 3 4 |  4.0
Dodging        | 3 |  3.6
Evocations     | 1 |  1.8

Action                   |  1- 3 |  4- 6 || total
-------------------------+-------+-------++-------
Melee: Hand axe          |    77 |    72 ||   149
       Headbutt          |     9 |    10 ||    19
       Punch             |       |     1 ||     1
Invok: Berserk           |       |     1 ||     1
  Use: Scroll            |     2 |       ||     2
Armor: Animal skin       |     1 |       ||     1
       Scale mail        |    25 |    20 ||    45
Dodge: Dodged            |    41 |    37 ||    78
